QQQQQ, chaotic female elven Wizard ... -d..... G |%@.... -G<..-- .... QQQQQ the Thaumaturge Experience level: 7 Strength: 12 Dexterity: 10 Constitution: 14 Intelligence: 20 Wisdom: 12 Charisma: 10 Health: 0(46) Energy: 42(71) Def: 6 Gold: 248 Moves: 2453 Dungeon seed: cDEY4bMSI8V5WSq- Game ID: QQQQQ_1498758804 Your Inventory: Coins $ - 248 gold pieces Weapons u - a blessed +2 quarterstaff (weapon in hands) Armor q - an uncursed +0 pair of iron shoes (being worn) r - a blessed +1 pair of leather gloves (being worn) y - an uncursed +0 orcish helm (being worn) B - an uncursed +0 cloak of magic resistance (being worn) Comestibles A - an uncursed fortune cookie G - an uncursed pear H - 2 uncursed food rations Spellbooks c - a blessed spellbook of force bolt d - a blessed spellbook of magic missile f - an uncursed spellbook of confuse monster g - an uncursed spellbook of detect monsters z - an uncursed spellbook of fireball Potions p - a potion of holy water Wands b - an uncursed wand of striking (1:0) v - an uncursed wand of make invisible (0:1) D - an uncursed wand of light (0:12) Tools a - an uncursed +0 pick-axe e - an uncursed lock pick h - an uncursed blindfold i - an uncursed bugle x - an uncursed tin whistle Spells and supernatural/magical abilities: Name Level Category Fail Memory a - force bolt 1 attack 0% 88% m - magic missile 2 attack 0% 88% n - detect monsters 1 divination 0% 88% u - confuse monster 2 enchantment 0% 88% W - pray for help -- divine ? -- Your skills at the end: Fighting Skills wands [Basic] Weapon Skills quarterstaff [Basic] Spellcasting Skills attack spells [Skilled] enchantment spells [Basic] Final Attributes: You were piously aligned. You were sleep resistant. You were magic-protected. You saw invisible. You had infravision. You were invisible to others. You are dead. Vanquished creatures: a troll a pyrolisk a dwarf king a giant spider a vampire bat a violet fungus 10 gnome lords 3 gnomish wizards 11 dwarves 3 iguanas 3 killer bees 2 hobbits a hobgoblin 41 gnomes a gecko 3 kobolds a goblin 4 grid bugs 3 lichens a newt 93 creatures vanquished. Voluntary challenges: You were an atheist. You used a wielded weapon 21 times, starting on turn 49. You read items or engraved 8 times, starting on turn 5. You never genocided any monsters. You never polymorphed an object. You never changed form. You used no wishes. You never split a pudding. You wrote Elbereth's name 1 time, starting on turn 1261. You never violated your personal moral code. Dungeon overview: The Dungeons of Doom: levels 1 to 2 Level 1 a fountain a long staircase Level 2 a delicatessen, some fountains, a sink stairs to The Gnomish Mines The Gnomish Mines: levels 3 to 10 Level 3 stairs to The Dungeons of Doom Level 4 Level 5 Level 6 a temple to Ptah, some fountains Level 7 Level 8 Level 9 Level 10 <- You were here History has recorded: On T:1 you entered the Dungeons of Doom to retrieve the Amulet of Yendor! On T:369 you reached level 2 of The Dungeons of Doom. On T:391 you advanced to experience level 2. On T:647 you reached level 1 of The Gnomish Mines. On T:649 you advanced to experience level 3. On T:800 you advanced to experience level 4. On T:1119 you reached level 2 of The Gnomish Mines. On T:1125 you advanced to experience level 5. On T:1473 you reached level 3 of The Gnomish Mines. On T:1584 you advanced to experience level 6. On T:1726 you reached level 4 of The Gnomish Mines. On T:1969 you reached level 5 of The Gnomish Mines. On T:2071 you reached level 6 of The Gnomish Mines. On T:2081 you reached level 7 of The Gnomish Mines. On T:2169 you advanced to experience level 7. On T:2230 you reached level 8 of The Gnomish Mines. Score breakdown: Gold: 248 ( 8151 points) Experience: 7 levels (13645 points) Exploration: 10 levels ( 20.00%) (12857 points) Discoveries: 16 items ( 5.59%) ( 7095 points) Valuables value: (no points given unless you survive) Artifact value: 0 ( 0 points) Variety of kills: 20 monsters ( 5.22%) ( 6855 points) Turncount: 2453 turns ( -302 points) Survival: died (score multiplied by 80%) Total score: 38640 Latest messages: The force bolt hits the dwarf! The dwarf is killed! There are several objects here. This troll corpse tastes terrible! You stop eating. You resume your meal. You stop eating. You resume your meal. You stop eating. You resume your meal. You stop eating. You resume your meal. You stop eating. The warg bites! The force bolt hits the warg! The force bolt hits it. The warg bites! You die... Final status: Goodbye QQQQQ the Wizard, killed by a warg... You died in The Gnomish Mines on dungeon level 10 with 38640 points, and 248 pieces of gold, after 2453 moves. You were level 7 with a maximum of 46 hit points when you died.